AoeStats
← changsel

Arena

509860181Analyzed
2v2 RM · 3d ago on Sep 28, 2026· 44m 57s· 4 players
Game mode
Random Map
Map size
Medium (4 player)
Population
200
Speed
Normal
Resources
Standard
Victory
Conquest
Starting age
Dark Age
Ending age
Imperial Age
RankedLock teamsTeams togetherTeam positionsShared explorationLock speedFull tech treeHidden civsTurbo modeCheats
Victory
Defeat
🇳🇱 Vietnamese · Netherlands
1020
+15
🇨🇳 Turks · China
1001
+15
🇫🇷 Franks · France
998
-15
🇫🇷 Chinese · France
988
-15
Melow
11:25 Feudal Age
15:01 Castle Age
13:06 Double-Bit Axe
14:57 Forging
15:56 Bow Saw
17:03 Gold Mining
18:40 Loom
20:05 Stone Mining
21:04 Husbandry
24:24 Wheelbarrow
25:13 Scale Barding Armor
26:57 Gold Shaft Mining
26:56 Fletching
28:23 Chain Barding Armor
30:40 Iron Casting
30:34 Bodkin Arrow
30:48 Town Watch
31:19 Hand Cart
34:18 Imperial Age
32:21 Elite Skirmisher
33:52 Padded Archer Armor
36:25 Ballistics
36:11 Town Patrol
35:58 Cavalier
37:41 Plate Barding Armor
37:22 Leather Archer Armor
37:09 Herbal Medicine
38:51 Conscription
39:12 Masonry
38:53 Cavalier
40:15 Paladin
xFRAISEdesbois
5:20 Loom
11:03 Feudal Age
15:47 Castle Age
15:11 Double-Bit Axe
18:20 Bow Saw
18:17 Horse Collar
21:24 Town Watch
22:58 Heavy Plow
29:02 Imperial Age
27:32 Padded Archer Armor
28:02 Gold Mining
28:58 Wheelbarrow
28:16 Fletching
31:54 Leather Archer Armor
31:35 Bodkin Arrow
32:28 Gold Shaft Mining
33:44 Pikeman
35:00 Elite Fire Lancer
37:19 Halberdier
brandbaria
4:56 Loom
11:18 Feudal Age
15:10 Castle Age
14:13 Double-Bit Axe
14:11 Horse Collar
25:41 Wheelbarrow
25:44 Bow Saw
25:41 Heavy Plow
25:35 Gold Mining
25:59 Husbandry
26:09 Bloodlines
30:31 Imperial Age
28:20 Hand Cart
28:54 Chatras
29:06 Scale Barding Armor
29:11 Forging
30:19 Chain Barding Armor
30:47 Elite Battle Elephant
31:52 Paper Money
33:11 Plate Barding Armor
33:12 Iron Casting
40:03 Caravan
changsel
4:48 Loom
13:05 Feudal Age
13:39 Double-Bit Axe
13:36 Horse Collar
17:56 Castle Age
15:48 Gold Mining
18:47 Bow Saw
18:38 Heavy Plow
19:17 Gold Shaft Mining
19:57 Stone Mining
24:47 Wheelbarrow
27:43 Imperial Age
27:17 Hand Cart
26:53 Town Watch
29:32 Town Patrol
31:05 Ballistics
30:52 Padded Archer Armor
31:34 Artillery
33:05 Treadmill Crane
33:45 Leather Archer Armor
36:20 Elite Janissary
39:11 Two-Man Saw
40:03 Ring Archer Armor
Connection lost

Rejoining the realm…

Still unreachable

The connection could not be restored.

Session expired

The server has moved on; the page needs a fresh start.